 Dungeon Sprint DCSS version 0.28.0-53-g5a82cb258f (webtiles) character file.

Game seed: 11374358063448720164

11982 Zeld the Severer (level 11, -8/96 HPs)
             Began as a Minotaur Berserker on June 12, 2022.
             Was the Champion of Trog.
             Mangled by a 12-headed hydra (12 damage)
             ... while paralysed by a floating eye
             ... in the Dungeon (Sprint I: "Red Sonja").
             The game lasted 00:06:59 (4448 turns).

Zeld the Severer (Minotaur Berserker)               Turns: 4448, Time: 00:06:59

Health: -8/96      AC:  4    Str: 25      XL:     11   Next: 56%
Magic:  8/8        EV:  2    Int:  0 (2)  God:    Trog [******]
Gold:   284        SH:  0    Dex: 10 (11) Spells: 10/10 levels left

rFire   + . .      SeeInvis .   a - +4 executioner's axe (vorpal)
rCold   . . .      Faith    .   (shield currently unavailable)
rNeg    . . .      Spirit   .   b - +0 troll leather armour
rPois   +          Reflect  +   (helmet restricted)
rElec   .          Harm     .   (no cloak)
rCorr   .          Rampage  .   (no gloves)
Will    .....      NoTele   +   (no boots)
Stlth   +.........              p - amulet of reflection
HPRegen 1.06/turn               k - ring of poison resistance
MPRegen 0.11/turn               (no ring)

@: paralysed, slowed, lost intelligence, unable to read
A: horns 2, retaliatory headbutt, deformed body, dopey 1, fire resistance 1,
frail 2, low MP 1, wild magic 1, no potion heal 1, inability to read while
threatened
a: Renounce Religion, Berserk, Trog's Hand, Brothers in Arms


You were in the Dungeon.
You worshipped Trog.
Trog was exalted by your worship.
You visited 1 branch You collected 1606 gold pieces.
You spent 1322 gold pieces at shops.

Inventory:

Hand Weapons
 a - a +4 vorpal executioner's axe (weapon)
 t - the +7 glaive of Dried Tears {flame, *Rage Str+8 Stlth+}
   (You found it in the Dungeon)

   It burns those it strikes, dealing additional fire damage.
   Big, fiery blades are also staple armaments of hydra-hunters.
   Str:       It affects your strength (+8).
   *Rage:     It berserks you when you make melee attacks (+20% chance).
   Stlth:     It makes you more stealthy.
Armour
 b - a +0 troll leather armour (worn)
Jewellery
 k - a ring of poison resistance (left hand)
 p - an amulet of reflection (around neck)
Wands
 i - a wand of iceblast (6)
 v - a wand of polymorph (2)
Scrolls
 d - a scroll of magic mapping
 h - 2 scrolls of blinking
 j - a scroll of summoning {unknown}
 m - a scroll of fear
 n - a scroll of enchant armour
 o - a scroll of identify
 x - a scroll of enchant weapon {unknown}
Potions
 c - 5 potions of curing
 e - a potion of haste
 f - 3 potions of magic
 g - a potion of berserk rage
 l - a potion of degeneration
 q - a potion of ambrosia
 r - 3 potions of heal wounds
 s - a potion of invisibility
Miscellaneous
 w - a piece from Xom's chessboard (15/15)


   Skills:
 * Level 18.7 Fighting
 * Level 18.8 Axes
 + Level 13.6 Armour
 + Level 12.5 Dodging
 + Level 10.2 Evocations


You had 10 spell levels left.
You didn't know any spells.
Your spell library was empty.

Dungeon Overview and Level Annotations

Branches:
Dungeon (1/1)

Altars:
Cheibriados
Dithmenos
Elyvilon
Fedhas
Gozag
Hepliaklqana
Kikubaaqudgha
Makhleb
Nemelex Xobeh
Okawaru
Qazlal
Ru
Sif Muna
Trog
Uskayaw
Vehumet
Wu Jian
Xom
Yredelemnul
Zin
The Shining One
Jiyva
Lugonu

Shops:
D *[?:!=?*?*((:(*****[*


Innate Abilities, Weirdness & Mutations

You have a pair of horns on your head.
You reflexively headbutt those who attack you in melee.
Armour fits poorly on your strangely shaped body.
You are dopey. (Int -2)
Your flesh is heat resistant. (rF+)
You are very frail. (-20% HP)
Your magical capacity is low. (-10% MP)
Your spells are a little harder to cast, but a little more powerful.
Potions are less effective at restoring your health.
You sometimes lose the ability to read scrolls when taking damage.


Message History

There is an open door, spattered with blood here.
There is an open door here.
You see here a +2 antimagic broad axe.
There is an open door, spattered with blood here.
You open the door.
A 12-headed hydra and a floating eye come into view.
The 12-headed hydra roars!
The floating eye turns its gaze towards you.
The floating eye's stare focuses on you.
The 12-headed hydra closely misses you. x2; The 12-headed hydra bites you!
The 12-headed hydra closely misses you. The 12-headed hydra barely misses you.
The 12-headed hydra completely misses you.
The 12-headed hydra bites you!
The 12-headed hydra completely misses you. x3
The 12-headed hydra closely misses you. The 12-headed hydra bites you.
Found 54 gold pieces.
Unknown command.
Your troll goes berserk!
The floating eye gazes piercingly through you!
You suddenly lose the ability to move!
The 12-headed hydra bites you!
You feel threatened and lose the ability to read scrolls!
The 12-headed hydra bites you! The 12-headed hydra bites you.
The 12-headed hydra bites you!
The 12-headed hydra bites you but does no damage.
The 12-headed hydra bites you!
* * * LOW HITPOINT WARNING * * *
The 12-headed hydra bites you but does no damage.
The 12-headed hydra bites you.
* * * LOW HITPOINT WARNING * * *
The 12-headed hydra barely misses you. The 12-headed hydra bites you.
* * * LOW HITPOINT WARNING * * *
The 12-headed hydra bites you!
* * * LOW HITPOINT WARNING * * *
The 12-headed hydra bites you!
* * * LOW HITPOINT WARNING * * *
The floating eye seems to glare at you. The 12-headed hydra bites you.
* * * LOW HITPOINT WARNING * * *
The 12-headed hydra bites you!
You die...

#####################
..#..#§§.§'...T§@DG§#
..##'#.####...§§##§§+
).'..#.# ##..§## ##
###)§§§# ###+#
.##+#### #.# §#.....#
#.. .#....☼+ ##.
§###.°.# .# .'.#.°.#
##


You could see a 12-headed hydra (ally target), a floating eye (charged) and a
friendly troll (summoned, berserk).

Vanquished Creatures
  2 centaur warriors (D)
  Sonja (D)
  A deep troll (D)
  A lindwurm (D)
  An oklob plant (D)
  8 shining eyes (D)
  A gargoyle (D)
  2 kobold demonologists (D)
  3 demonic crawlers (D)
  A hornet (D)
  A slime creature (D)
  Sigmund (D)
  A yak (D)
  13 hogs (D)
  2 redbacks (D)
  6 floating eyes (D)
  An ogre (D)
  7 necrophages (D)
  8 jellies (D)
  Ijyb (D)
62 creatures vanquished.

Vanquished Creatures (others)
  A demonic crawler (D)
  2 ballistomycete spores (D)
3 creatures vanquished.

Grand Total: 65 creatures vanquished

Notes
Turn   | Place    | Note
-------+----------+-------------------------------------------
     0 | D        | Zeld the Minotaur Berserker began the quest for the Orb.
     0 | D        | Reached XP level 1. HP: 19/19 MP: 0/0
     1 | D        | Noticed Ijyb
     8 | D        | Killed Ijyb
     9 | D        | Reached skill level 5 in Fighting
     9 | D        | Reached skill level 5 in Axes
     9 | D        | Reached XP level 2. HP: 29/29 MP: 1/1
   231 | D        | Noticed an ogre
   235 | D        | Killed an ogre
   236 | D        | Reached XP level 3. HP: 39/39 MP: 2/2
   236 | D        | Reached XP level 4. HP: 47/47 MP: 3/3
   522 | D        | Noticed Sigmund
   536 | D        | Killed Sigmund
   536 | D        | Reached ** piety under Trog
   537 | D        | Reached skill level 5 in Dodging
   537 | D        | Reached XP level 5. HP: 56/56 MP: 4/4
   537 | D        | Reached XP level 6. HP: 62/62 MP: 5/5
   667 | D        | Found a burning altar of Makhleb.
   667 | D        | Found a viscous altar of Jiyva.
   667 | D        | Found a shimmering altar of Xom.
   667 | D        | Found a corrupted altar of Lugonu.
   667 | D        | Noticed a slime creature
   672 | D        | Killed a slime creature
   673 | D        | Reached skill level 10 in Fighting
   673 | D        | Reached skill level 10 in Axes
   810 | D        | Noticed a kobold demonologist
   810 | D        | Noticed a floating eye
   810 | D        | Noticed a kobold demonologist
   813 | D        | Killed a floating eye
   814 | D        | Reached XP level 7. HP: 73/73 MP: 6/6
   821 | D        | Killed a kobold demonologist
   822 | D        | Reached skill level 5 in Evocations
   827 | D        | Killed a kobold demonologist
   827 | D        | Reached *** piety under Trog
   828 | D        | Reached XP level 8. HP: 83/83 MP: 7/7
   871 | D        | Found an ornate altar of the Wu Jian Council.
   871 | D        | Found a shimmering blue altar of Sif Muna.
   873 | D        | Found a radiant altar of Vehumet.
  1044 | D        | Found Juakecla's Book Emporium.
  1044 | D        | Found an ancient bone altar of Kikubaaqudgha.
  1044 | D        | Found a hazy altar of Hepliaklqana.
  1044 | D        | Found a stormy altar of Qazlal.
  1044 | D        | Found a hide-covered altar of Uskayaw.
  1044 | D        | Found a blossoming altar of Fedhas.
  1044 | D        | Found a bloodstained altar of Trog.
  1044 | D        | Found an iron altar of Okawaru.
  1044 | D        | Found a basalt altar of Yredelemnul.
  1044 | D        | Found a glowing golden altar of the Shining One.
  1044 | D        | Found a snail-covered altar of Cheibriados.
  1044 | D        | Found a sacrificial altar of Ru.
  1044 | D        | Found a glowing silver altar of Zin.
  1044 | D        | Found a shadowy altar of Dithmenos.
  1044 | D        | Found a white marble altar of Elyvilon.
  1056 | D        | Found an opulent altar of Gozag.
  1057 | D        | Found a sparkling altar of Nemelex Xobeh.
  1272 | D        | Noticed Sonja
  1281 | D        | Killed Sonja
  1281 | D        | Reached **** piety under Trog
  1651 | D        | Noticed a deep troll
  1656 | D        | Killed a deep troll
  1657 | D        | Reached XP level 9. HP: 94/94 MP: 8/8
  1699 | D        | Found Pabanwoc's Armour Emporium.
  1756 | D        | Found Juffaf's General Store.
  1764 | D        | Bought a scroll of fear for 38 gold pieces
  1764 | D        | Bought a scroll of enchant armour for 82 gold pieces
  1764 | D        | Bought a scroll of identify for 22 gold pieces
  1789 | D        | Noticed a centaur warrior
  1789 | D        | Noticed a centaur warrior
  1802 | D        | Killed a centaur warrior
  1803 | D        | Reached skill level 10 in Armour
  1804 | D        | Killed a centaur warrior
  1805 | D        | Reached skill level 15 in Axes
  1915 | D        | Paralysed by a hornet for 2 turns
  1920 | D        | Reached skill level 15 in Fighting
  1920 | D        | Reached skill level 10 in Dodging
  2104 | D        | Noticed an oklob plant
  2346 | D        | Killed an oklob plant
  2347 | D        | Reached XP level 10. HP: 105/105 MP: 9/9
  2392 | D        | Reached ***** piety under Trog
  2661 | D        | Noticed a gargoyle
  2667 | D        | Killed a gargoyle
  2667 | D        | Received a gift from Trog
  2727 | D        | Noticed a lindwurm
  2731 | D        | Killed a lindwurm
  2909 | D        | Received a gift from Trog
  2937 | D        | Reached ****** piety under Trog
  3302 | D        | Noticed a shining eye
  3302 | D        | Noticed a shining eye
  3302 | D        | Noticed a shining eye
  3302 | D        | Gained mutation: You are robust. (+10% HP) [a shining eye]
  3303 | D        | Noticed a shining eye
  3307 | D        | Paralysed by a floating eye for 3 turns
  3308 | D        | Gained mutation: Potions are less effective at restoring
                  | your health. [a shining eye]
  3310 | D        | Lost mutation: You are robust. (+10% HP) [a shining eye]
  3311 | D        | Gained mutation: Your flesh is heat resistant. (rF+) [a
                  | shining eye]
  3312 | D        | Killed a shining eye
  3312 | D        | Received a gift from Trog
  3312 | D        | Noticed a shining eye
  3313 | D        | Reached XP level 11. HP: 117/117 MP: 10/10
  3314 | D        | Paralysed by a floating eye for 3 turns
  3320 | D        | Killed a shining eye
  3322 | D        | Gained mutation: You are weak. (Str -2) [a shining eye]
  3326 | D        | Killed a shining eye
  3327 | D        | Gained mutation: You are frail. (-10% HP) [a shining eye]
  3329 | D        | Gained mutation: You are very frail. (-20% HP) [a shining
                  | eye]
  3330 | D        | Gained mutation: Your spells are a little harder to cast,
                  | but a little more powerful. [a shining eye]
  3333 | D        | Killed a shining eye
  3333 | D        | Received a gift from Trog
  3333 | D        | Gained mutation: Your magical capacity is low. (-10% MP) [a
                  | shining eye]
  3334 | D        | Noticed a shining eye
  3335 | D        | Killed a shining eye
  3335 | D        | Gained mutation: You sometimes lose the ability to read
                  | scrolls when taking damage. [a shining eye]
  3341 | D        | Noticed a shining eye
  3341 | D        | Noticed a shining eye
  3341 | D        | Gained mutation: You are dopey. (Int -2) [a shining eye]
  3344 | D        | Killed a shining eye
  3345 | D        | Gained mutation: Armour fits poorly on your strangely
                  | shaped body. [a shining eye]
  3346 | D        | Gained mutation: You are extremely frail. (-30% HP) [a
                  | shining eye]
  3350 | D        | Lost intelligence.
  3350 | D        | Gained mutation: You are very dopey. (Int -4) [a shining
                  | eye]
  3355 | D        | Gained mutation: You are very weak. (Str -4) [a shining
                  | eye]
  3356 | D        | Killed a shining eye
  3356 | D        | Gained mutation: Your body sometimes deteriorates upon
                  | taking damage. [a shining eye]
  3357 | D        | Killed a shining eye
  3358 | D        | Reached skill level 10 in Evocations
  3776 | D        | Lost mutation: Your body sometimes deteriorates upon taking
                  | damage. [potion of mutation]
  3776 | D        | Lost mutation: You are extremely frail. (-30% HP) [potion
                  | of mutation]
  3776 | D        | Lost mutation: You are very weak. (Str -4) [potion of
                  | mutation]
  3776 | D        | Lost mutation: You are weak. (Str -2) [potion of mutation]
  3776 | D        | Lost mutation: You are very dopey. (Int -4) [potion of
                  | mutation]
  3888 | D        | Found Azuytena's Distillery.
  3888 | D        | Found Vural's Antique Armour Shoppe.
  3888 | D        | Found Zawaebb's Jewellery Boutique.
  3888 | D        | Found Jeyhao's Magic Scroll Emporium.
  3897 | D        | Bought a scroll of magic mapping for 35 gold pieces
  3904 | D        | Bought a ring of poison resistance for 280 gold pieces
  3904 | D        | Bought an amulet of reflection for 420 gold pieces
  3912 | D        | Bought a potion of ambrosia for 96 gold pieces
  3912 | D        | Bought a potion of curing for 36 gold pieces
  3912 | D        | Bought 2 potions of heal wounds for 120 gold pieces
  3912 | D        | Bought a potion of invisibility for 96 gold pieces
  3957 | D        | Received a gift from Trog
  3992 | D        | Received a gift from Trog
  4065 | D        | Identified the +7 glaive of Dried Tears {flame, *Rage Str+8
                  | Stlth+}
  4080 | D        | Found Cyex's General Store.
  4080 | D        | Found Juare's Magic Scroll Shop.
  4080 | D        | Found Siaschuth's Magic Scroll Boutique.
  4082 | D        | Found Zietiy's Assorted Antiques.
  4082 | D        | Found Bamub's Weapon Shop.
  4082 | D        | Found Figrustaz's Antique Weapon Shoppe.
  4082 | D        | Found Xiuvi's Book Boutique.
  4082 | D        | Found Ebboul's Weapon Emporium.
  4082 | D        | Found Ace Efit's General Store.
  4082 | D        | Found Zyri's Assorted Antiques.
  4091 | D        | Found Tiogiz's General Store.
  4092 | D        | Found Bec Tot's General Store.
  4092 | D        | Found Bohap's Assorted Antiques.
  4093 | D        | Found Awuwk's General Store.
  4101 | D        | Bought a scroll labelled ARCHET DOUPHA for 22 gold pieces
  4102 | D        | Bought a scroll of blinking for 75 gold pieces
  4446 | D        | Noticed a 12-headed hydra
  4447 | D        | Paralysed by a floating eye for 4 turns
  4447 | D        | HP: 4/96 [12-headed hydra (7)]
  4448 | D        | Mangled by a 12-headed hydra

Illustrated notes

Levels and vault maps discovered:
D:        dungeon_sprint_1 [red_sonja_temple_1, red_sonja_temple_small_1]

Skill      XL: |  1  2  3  4  5  6  7  8  9 10 11 |
---------------+----------------------------------+-----
Fighting       | 5 7 8 10 11 13 15 17 18 | 18.7
Axes           | 5 7 9 10 12 13 15 17 18 | 18.8
Armour         | 3 4 6 7 8 9 11 12 13 | 13.6
Dodging        | 3 4 5 6 7 9 10 11 12 | 12.5
Evocations     | 2 3 4 5 6 7 9 10 | 10.2

Action                   |  1- 3 |  4- 6 |  7- 9 | 10-12 || total
-------------------------+-------+-------+-------+-------++-------
Melee: Hand axe          |     8 |    11 |    57 |    29 ||   105
       Headbutt          |     1 |     6 |     9 |    37 ||    53
       Punch             |       |       |     1 |       ||     1
       Battleaxe         |       |       |       |    92 ||    92
       Executioner's axe |       |       |       |     7 ||     7
Invok: Berserk           |     2 |     3 |     4 |     1 ||    10
       Brothers in Arms  |       |       |       |     1 ||     1
Evoke: Wand              |       |       |     2 |       ||     2
  Use: Potion            |       |       |     1 |     4 ||     5
Armor: Animal skin       |     1 |       |     2 |       ||     3
       Troll leather arm |       |       |     6 |    20 ||    26
Dodge: Dodged            |     2 |     7 |    20 |    74 ||   103
Block: Other             |       |       |       |     4 ||     4
